AoeStats
← [GDL] Maldito Pantoja

Nomad

508369349Analyzed
4v4 RM · 11d ago on Sep 22, 2026· 30m 58s· 8 players
Game mode
Random Map
Map size
231×231
Population
200
Speed
Normal
Resources
Standard
Victory
Conquest
Starting age
Dark Age
Ending age
Imperial Age
RankedLock teamsTeams togetherTeam positionsShared explorationLock speedFull tech treeHidden civsTurbo modeCheats
Victory
Defeat
🇺🇸 Cumans · United States
1191
+15
🇲🇽 Koreans · Mexico
1173
+15
🇺🇸 Persians · United States
1161
+16
🇲🇽 Huns · Mexico
1153
+16
🇺🇸 Teutons · United States
1223
-18
🇸🇮 Vietnamese · Slovenia
1195
-17
🇨🇴 Lithuanians · Colombia
1161
-16
🇨🇴 Byzantines · Colombia
1057
-11
I738 XFatalX
7:04 Loom
15:42 Feudal Age
21:12 Castle Age
24:33 Scale Barding Armor
28:26 Bloodlines
28:18 Husbandry
29:59 Horse Collar
El Fantasma de Pancho Villa
5:10 Loom
16:18 Feudal Age
16:33 Man-at-Arms
17:37 Scale Mail Armor
[GDL] Maldito Pantoja
3:37 Loom
14:42 Feudal Age
19:40 Castle Age
18:41 Scale Mail Armor
18:54 Forging
19:45 Pikeman
22:28 Squires
23:59 Chain Mail Armor
28:59 Wheelbarrow
28:10 Double-Bit Axe
28:09 Horse Collar
28:20 Gold Mining
31:01 Bow Saw
30:52 Heavy Plow
The Kraken
13:39 Feudal Age
12:43 Loom
18:00 Castle Age
16:13 Double-Bit Axe
16:30 Fletching
17:52 Gold Mining
18:56 Medium Warships
21:23 Bow Saw
24:44 Horse Collar
26:30 Wheelbarrow
30:00 Imperial Age
27:50 Bodkin Arrow
29:44 Gold Shaft Mining
30:16 Ballistics
Rett Mikhal
4:45 Loom
15:52 Feudal Age
17:09 Wheelbarrow
16:20 Double-Bit Axe
20:37 Castle Age
19:20 Gold Mining
20:11 Horse Collar
21:45 Bow Saw
22:00 Heavy Plow
24:57 Hand Cart
25:45 Scale Barding Armor
25:51 Forging
26:54 Chain Barding Armor
27:19 Bloodlines
juanfer0002
6:01 Loom
11:46 Feudal Age
12:32 Double-Bit Axe
18:01 Horse Collar
22:15 Castle Age
27:00 Castle Age
25:31 Scale Barding Armor
m00n
11:40 Loom
14:07 Feudal Age
19:25 Castle Age
19:38 Wheelbarrow
18:48 Double-Bit Axe
18:45 Horse Collar
23:15 Hand Cart
kacter99
8:48 Loom
13:08 Feudal Age
17:45 Double-Bit Axe
17:42 Horse Collar
23:19 Castle Age
24:48 Bow Saw
24:43 Heavy Plow
25:06 Gold Mining
Connection lost

Rejoining the realm…

Still unreachable

The connection could not be restored.

Session expired

The server has moved on; the page needs a fresh start.